[Event "Titled Tuesday Blitz April 11 Early 2023"]
[White "Samadov, Read"]
[Black "Gabdrakhmanov, Azat"]
[WhiteFideId "13417444"]
[BlackFideId "34189197"]
[WhiteElo "2355"]
[BlackElo "2306"]
[Result "1-0"]
[Round "02"]
[TimeControl "180+2"]
[Date "2023.04.11"]
[WhiteClock "0:00:06"]
[BlackClock "0:00:04"]

1. d4 Nf6 2. c4 g6 3. Nc3 Bg7 4. e4 O-O 5. Be2 d6 6. Be3 Na6 7. h4 h5 8. Nf3 e5 9. d5 c6 10. Nd2 Bd7 11. a3 Ng4 12. Bxg4 Bxg4 13. f3 Bd7 14. g4 Bf6 15. gxh5 Bxh4+ 16. Ke2 Kg7 17. Qg1 Rh8 18. h6+ Kh7 19. Qg2 Bf6 20. Raf1 Qe7 21. Kd1 Nc7 22. f4 b5 23. fxe5 Bxe5 24. Rf2 Raf8 25. Rhf1 f6 26. Nf3 bxc4 27. Nxe5 dxe5 28. Rg1 Rhg8 29. dxc6 Bxc6 30. Qf1 Qe6 31. Kc1 a6 32. Bg5 Ne8 33. Be3 Nc7 34. Bc5 Rf7 35. Qe2 Qe8 36. Qxc4 Ne6 37. Be3 Bb5 38. Qb4 Qc6 39. Kb1 Rb8 40. Ka1 a5 41. Qxa5 Bc4 42. Qa4 Qc7 43. Rc1 Bb3 44. Qa6 Nd4 45. Nd5 Bxd5 46. Rxc7 Rxc7 47. exd5 Rc1+ 48. Bxc1 1-0


[Site "https://www.chess.com"]

[Event "Titled Tuesday Blitz April 11 Early 2023"]
[White "Eljanov, Pavel"]
[Black "Gold_Ocean"]
[WhiteFideId "14102951"]
[WhiteElo "2598"]
[BlackElo "2605"]
[Result "1-0"]
[Round "02"]
[TimeControl "180+2"]
[Date "2023.04.11"]
[WhiteClock "0:01:48"]
[BlackClock "0:00:59"]

1. c4 Nf6 2. Nc3 g6 3. g3 Bg7 4. Bg2 O-O 5. d4 d6 6. Nf3 c5 7. d5 e6 8. O-O exd5 9. cxd5 Re8 10. Re1 Bf5 11. Nd2 Na6 12. e4 Bd7 13. Nc4 Qb8 14. Bf4 Bf8 15. e5 Nh5 16. e6 Nxf4 17. gxf4 fxe6 18. dxe6 Bc6 19. Nd5 Bg7 20. Nxd6 Rd8 21. Ne7+ Kh8 22. Nf7# 1-0


[Site "https://www.chess.com"]

[Event "Titled Tuesday Blitz April 11 Early 2023"]
[White "Al-Tarboush, Ward"]
[Black "Mitrabha, Guha"]
[WhiteFideId "7601450"]
[BlackFideId "5057000"]
[WhiteElo "2265"]
[BlackElo "2507"]
[Result "0-1"]
[Round "02"]
[TimeControl "180+2"]
[Date "2023.04.11"]
[WhiteClock "0:00:01"]
[BlackClock "0:01:00"]

1. e4 c6 2. Nf3 d5 3. Nc3 dxe4 4. Nxe4 Nf6 5. Nxf6+ gxf6 6. d4 Bg4 7. Be2 e6 8. Be3 Nd7 9. h3 Bh5 10. Nh4 Bg6 11. Nxg6 hxg6 12. Qd2 a5 13. h4 f5 14. h5 gxh5 15. O-O-O Nf6 16. Bg5 Be7 17. Bxf6 Bxf6 18. Bxh5 Qd5 19. Kb1 Qxg2 20. Qf4 Qd5 21. Qc7 Qd7 22. Qxd7+ Kxd7 23. Bxf7 Ke7 24. Bh5 Rh6 25. c3 Rah8 26. Bf3 Bh4 27. Rh2 Bg5 28. Rxh6 Rxh6 29. Rh1 Rxh1+ 30. Bxh1 Bh4 31. f3 Kf6 32. Kc2 Kg5 33. Kd3 Kf4 34. Ke2 Kg3 35. Kf1 Bg5 36. a4 Bc1 37. b4 f4 38. bxa5 Bd2 39. c4 Bxa5 40. Bg2 Bc3 41. Kg1 Bxd4+ 42. Kh1 b6 43. Bf1 Kxf3 44. Bg2+ Ke2 45. Bxc6 f3 46. Bb5 Bc5 0-1


[Site "https://www.chess.com"]

[Event "Titled Tuesday Blitz April 11 Early 2023"]
[White "Anton Guijarro, David"]
[Black "Chylewski, Patryk"]
[WhiteFideId "2285525"]
[BlackFideId "1186191"]
[WhiteElo "2618"]
[BlackElo "2163"]
[Result "1-0"]
[Round "02"]
[TimeControl "180+2"]
[Date "2023.04.11"]
[WhiteClock "0:00:43"]
[BlackClock "0:00:07"]

1. d4 Nf6 2. Nf3 e6 3. Bg5 d5 4. Nbd2 Be7 5. e3 O-O 6. Bd3 b6 7. Ne5 Bb7 8. O-O Ne4 9. Bxe7 Qxe7 10. c4 Nxd2 11. Qxd2 dxc4 12. Bxc4 Nd7 13. Nxd7 Qxd7 14. Qc3 Rac8 15. Rfd1 Rfd8 16. Bf1 c5 17. Qa3 a5 18. Qb3 Qc6 19. Rac1 g6 20. h3 h5 21. dxc5 Rxd1 22. Qxd1 Qd5 23. cxb6 Rxc1 24. Qxc1 Qxa2 25. Qc7 Qd5 26. f3 f5 27. Bc4 Qd1+ 28. Kh2 1-0


[Site "https://www.chess.com"]

[Event "Titled Tuesday Blitz April 11 Early 2023"]
[White "Drygalov, Andrey"]
[Black "Ozates, Tuna"]
[WhiteFideId "24171735"]
[BlackFideId "6354521"]
[WhiteElo "2466"]
[BlackElo "2151"]
[Result "1-0"]
[Round "02"]
[TimeControl "180+2"]
[Date "2023.04.11"]
[WhiteClock "0:01:08"]
[BlackClock "0:00:15"]

1. e4 c5 2. Nf3 Nc6 3. Bb5 g6 4. Bxc6 bxc6 5. O-O Bg7 6. Re1 Nh6 7. c3 O-O 8. h3 f5 9. e5 Nf7 10. d3 d6 11. Bf4 Ba6 12. Na3 Rb8 13. Qd2 dxe5 14. Nxe5 Nxe5 15. Bxe5 Bxe5 16. Rxe5 Bxd3 17. Rxc5 Qd6 18. b4 Rfd8 19. Rd1 Be4 20. Qxd6 exd6 21. Ra5 Rb7 22. Ra6 Re7 23. f3 Bd5 24. c4 Bf7 25. Rxc6 Re2 26. Nb5 Rxa2 27. Nxd6 Be6 28. c5 a5 29. bxa5 Rxa5 30. Re1 Bd5 31. Rc7 Rxc5 32. Rxc5 1-0


[Site "https://www.chess.com"]

[Event "Titled Tuesday Blitz April 11 Early 2023"]
[White "Postnikov, Daniil"]
[Black "Pranesh M"]
[WhiteFideId "4166329"]
[BlackFideId "35028600"]
[WhiteElo "2261"]
[BlackElo "2437"]
[Result "1/2-1/2"]
[Round "02"]
[TimeControl "180+2"]
[Date "2023.04.11"]
[WhiteClock "0:02:21"]
[BlackClock "0:01:52"]

1. e4 e5 2. f4 exf4 3. Nf3 d6 4. d4 g5 5. h4 g4 6. Bxf4 gxf3 7. Qxf3 Nc6 8. Bb5 Bd7 9. c3 Bh6 10. Nd2 Qf6 11. g3 Bxf4 12. gxf4 Nh6 13. e5 d5 1/2-1/2


[Site "https://www.chess.com"]

[Event "Titled Tuesday Blitz April 11 Early 2023"]
[White "Ibarra Jerez, Jose Carlos"]
[Black "Jain Kashish Manoj"]
[WhiteFideId "2226332"]
[BlackFideId "35081098"]
[WhiteElo "2638"]
[BlackElo "2191"]
[Result "1-0"]
[Round "02"]
[TimeControl "180+2"]
[Date "2023.04.11"]
[WhiteClock "0:02:09"]
[BlackClock "0:00:02"]

1. e4 c5 2. Ne2 Nc6 3. Nbc3 d6 4. d4 cxd4 5. Nxd4 Nf6 6. Nd5 Nxd5 7. exd5 Qa5+ 8. Bd2 Qxd5 9. Nb5 Qe6+ 10. Be2 Qd7 11. c4 e6 12. Bf4 e5 13. Be3 Be7 14. Qd2 O-O 15. Rd1 Rd8 16. O-O b6 17. f4 Bb7 18. Bf3 Rac8 19. b3 Bf8 20. Bd5 exf4 21. Bxf4 Ne5 22. Bxe5 dxe5 23. Rxf7 Bxd5 24. Rxd7 1-0


[Site "https://www.chess.com"]

[Event "Titled Tuesday Blitz April 11 Early 2023"]
[White "Djokic, Mihailo"]
[Black "Rustemov, Alexander"]
[WhiteFideId "976440"]
[BlackFideId "4119002"]
[WhiteElo "2294"]
[BlackElo "2885"]
[Result "0-1"]
[Round "02"]
[TimeControl "180+2"]
[Date "2023.04.11"]
[WhiteClock "0:00:07"]
[BlackClock "0:00:54"]

1. e4 e6 2. d4 d5 3. Nc3 dxe4 4. Nxe4 Bd7 5. Nf3 Bc6 6. Bd3 Nd7 7. O-O Ngf6 8. Ng3 Be7 9. c4 O-O 10. b3 b6 11. Bb2 Bb7 12. Re1 Re8 13. Bc2 c5 14. Qd3 g6 15. Rad1 Qc7 16. dxc5 Qxc5 17. Ne5 Rad8 18. Qe2 Nxe5 19. Bxe5 Qc6 20. f3 Rxd1 21. Rxd1 Rd8 22. Rxd8+ Bxd8 23. Ne4 Nxe4 24. Bxe4 Qc5+ 25. Kf1 Qxe5 26. Bxb7 Qxh2 27. Ke1 Bg5 28. Kd1 Qg1+ 29. Kc2 Qc1+ 30. Kd3 Bf6 31. Qc2 Qf1+ 32. Qe2 Qb1+ 33. Qc2 Qa1 34. Ke2 Qg1 35. Kd3 h5 36. f4 Qd4+ 37. Ke2 Qxf4 38. Qd3 Bd4 39. Bf3 h4 40. b4 Kg7 41. a4 a5 42. bxa5 bxa5 43. Qe4 Qxe4+ 44. Bxe4 f5 45. Bb7 Bc5 46. Kf3 Kf6 47. Ke2 e5 48. Kd3 e4+ 0-1


[Site "https://www.chess.com"]

[Event "Titled Tuesday Blitz April 11 Early 2023"]
[White "Kravtsiv, Martyn"]
[Black "Ibadov, Dashgyn"]
[WhiteFideId "14113147"]
[BlackFideId "24107514"]
[WhiteElo "2695"]
[BlackElo "2208"]
[Result "1-0"]
[Round "02"]
[TimeControl "180+2"]
[Date "2023.04.11"]
[WhiteClock "0:01:08"]
[BlackClock "0:00:33"]

1. e4 e5 2. Nf3 Nc6 3. Nc3 Nf6 4. a4 d5 5. exd5 Nxd5 6. Bb5 Nxc3 7. bxc3 Bd6 8. O-O O-O 9. d4 exd4 10. cxd4 Bg4 11. c3 Qf6 12. a5 a6 13. Bd3 h6 14. h3 Bh5 15. Be4 Rae8 16. Qd3 Nd8 17. Bd2 Ne6 18. Rfe1 c6 19. Rab1 Nf4 20. Bxf4 Qxf4 21. g3 Qf6 22. Nd2 Re7 23. Re3 Rfe8 24. Rbe1 Qg5 25. Bh7+ Kh8 26. Ne4 Qd5 27. c4 Qxa5 28. Nxd6 Qxe1+ 29. Rxe1 Rxe1+ 30. Kg2 R8e6 31. c5 Be2 32. Nxf7# 1-0


[Site "https://www.chess.com"]

[Event "Titled Tuesday Blitz April 11 Early 2023"]
[White "Narayanan, Srinath"]
[Black "Rosen, Eric"]
[WhiteFideId "5018420"]
[BlackFideId "2032562"]
[WhiteElo "2438"]
[BlackElo "2331"]
[Result "1-0"]
[Round "02"]
[TimeControl "180+2"]
[Date "2023.04.11"]
[WhiteClock "0:01:06"]
[BlackClock "0:00:02"]

1. Nf3 d5 2. e3 Nf6 3. c4 e6 4. Nc3 b6 5. b3 Bb7 6. Bb2 a6 7. Rc1 Bd6 8. cxd5 exd5 9. g3 O-O 10. Bg2 Nbd7 11. O-O Re8 12. Re1 Qe7 13. d3 Ba3 14. Qc2 Bxb2 15. Qxb2 c5 16. d4 Rac8 17. Red1 c4 18. Nd2 Nf8 19. bxc4 dxc4 20. Qxb6 Bxg2 21. Kxg2 Qa3 22. e4 Rb8 23. Qc7 Rec8 24. Qf4 Ne6 25. Qe3 Qa5 26. d5 Nf8 27. h3 N8d7 28. Rc2 h5 29. Rdc1 Ne5 30. Ne2 Nd3 31. Rd1 Nb2 32. Rb1 Qxa2 33. Qc3 Na4 34. Rxb8 Nxc3 35. Rxc8+ Kh7 36. Rxa2 Nxa2 37. Rxc4 1-0


[Site "https://www.chess.com"]

[Event "Titled Tuesday Blitz April 11 Early 2023"]
[White "MKlose11"]
[Black "Vakhlamov, Igor L."]
[BlackFideId "24126748"]
[WhiteElo "2580"]
[BlackElo "2400"]
[Result "0-1"]
[Round "02"]
[TimeControl "180+2"]
[Date "2023.04.11"]
[WhiteClock "0:00:04"]
[BlackClock "0:00:40"]

1. e4 c5 2. Nc3 e6 3. g3 d5 4. Bg2 Nf6 5. Nge2 Nc6 6. exd5 exd5 7. d4 cxd4 8. Nxd4 Bg4 9. Nce2 Bc5 10. Nb3 Bb6 11. O-O O-O 12. h3 Bh5 13. g4 Bg6 14. Bg5 h6 15. Bh4 Qd6 16. Bg3 Qd7 17. c3 Ne4 18. Kh1 Rad8 19. Nf4 Bh7 20. a4 a5 21. Nd4 Rfe8 22. Nb5 Ne5 23. b3 Qe7 24. Rc1 Qg5 25. Qe2 Nxg3+ 26. fxg3 Nd3 27. Qf3 Nxc1 28. Rxc1 Re3 29. Qf2 Rde8 30. Qd2 Rxg3 31. Rf1 Be3 32. Qxd5 Bxf4 33. Rxf4 Qxf4 34. Nd6 Re1+ 35. Kh2 Rge3# 0-1


[Site "https://www.chess.com"]

[Event "Titled Tuesday Blitz April 11 Early 2023"]
[White "Kuzubov, Yuriy"]
[Black "Janaszak, Dawid"]
[WhiteFideId "14112906"]
[BlackFideId "1119206"]
[WhiteElo "2496"]
[BlackElo "2220"]
[Result "1-0"]
[Round "02"]
[TimeControl "180+2"]
[Date "2023.04.11"]
[WhiteClock "0:00:08"]
[BlackClock "0:00:08"]

1. d4 Nf6 2. c4 e6 3. Nc3 Bb4 4. Qc2 c5 5. dxc5 O-O 6. a3 Bxc5 7. Nf3 d5 8. Bg5 h6 9. Bxf6 Qxf6 10. e3 Rd8 11. Rd1 dxc4 12. Bxc4 Rxd1+ 13. Qxd1 b6 14. Ne4 Qe7 15. b4 Bb7 16. Bd3 f5 17. Nxc5 bxc5 18. O-O Nd7 19. Be2 Rd8 20. Qa4 cxb4 21. axb4 a6 22. Nd4 Ne5 23. Rd1 Rd6 24. Qa5 Qg5 25. g3 Nc6 26. Nxc6 Rxc6 27. Bf3 Kh7 28. Bxc6 Bxc6 29. Qc5 Bf3 30. Rc1 Qh5 31. Qc4 Be2 32. Qh4 Qf3 33. h3 e5 34. g4 f4 35. exf4 exf4 36. g5 h5 37. g6+ Kxg6 38. Rc5 Kh7 39. Qg5 Qxh3 40. Rc7 Qg4+ 41. Qxg4 hxg4 42. Rf7 f3 43. Kh2 Kg6 44. Re7 Kg5 45. Kg3 g6 46. Re5+ Kf6 47. Rc5 Bb5 48. Kxg4 Be2 49. Kf4 g5+ 50. Rxg5 Bd3 51. Rc5 1-0


[Site "https://www.chess.com"]

[Event "Titled Tuesday Blitz April 11 Early 2023"]
[White "Kim, Sergey"]
[Black "Svane, Frederik"]
[WhiteFideId "13700570"]
[BlackFideId "12923044"]
[WhiteElo "2579"]
[BlackElo "2502"]
[Result "0-1"]
[Round "02"]
[TimeControl "180+2"]
[Date "2023.04.11"]
[WhiteClock "0:00:01"]
[BlackClock "0:00:09"]

1. d4 Nf6 2. c4 g6 3. Nc3 Bg7 4. e4 d6 5. Nge2 O-O 6. Ng3 a6 7. a4 Nc6 8. d5 Nb4 9. a5 e6 10. Be2 h5 11. Bg5 Qd7 12. O-O Nh7 13. Be3 h4 14. Nh1 exd5 15. cxd5 Re8 16. f3 Qe7 17. Qd2 Bd7 18. Nf2 c5 19. Rae1 Qd8 20. Ra1 Qc7 21. Bc4 b5 22. axb6 Qxb6 23. Rac1 Rab8 24. Bh6 Qd8 25. Bxg7 Kxg7 26. f4 Rb6 27. b3 a5 28. Nd3 Kg8 29. Rce1 h3 30. g3 Bc8 31. e5 Bf5 32. Nxb4 axb4 33. Nd1 Bc8 34. e6 f5 35. Ne3 Nf6 36. Qe2 Re7 37. Bd3 Bb7 38. Bc4 Bc8 39. Ra1 Rbb7 40. Qb2 Kg7 41. Ba6 Ra7 42. Bxc8 Qxc8 43. Nc4 Qd8 44. Rxa7 Rxa7 45. Ra1 Rxa1+ 46. Qxa1 Kf8 47. Qa7 Qe7 48. Qb8+ Ne8 49. Nb6 Kg7 50. Nd7 g5 51. fxg5 Kg6 52. Qa8 Kxg5 53. Qa1 Kg6 54. Qh8 Ng7 55. Qg8 Qg5 56. Nf8+ Kf6 57. Qf7+ Ke5 58. Ng6+ Ke4 59. Nf4 Qg4 60. e7 Qd1+ 61. Kf2 Qd2+ 62. Kf1 Kf3 0-1


[Site "https://www.chess.com"]

[Event "Titled Tuesday Blitz April 11 Early 2023"]
[White "Iturrizaga Bonelli, Eduardo"]
[Black "Jeet, Jain"]
[WhiteFideId "3901211"]
[BlackFideId "5073022"]
[WhiteElo "2637"]
[BlackElo "2067"]
[Result "1-0"]
[Round "02"]
[TimeControl "180+2"]
[Date "2023.04.11"]
[WhiteClock "0:00:09"]
[BlackClock "0:00:07"]

1. c4 c6 2. Nf3 d5 3. e3 Nf6 4. Nc3 g6 5. d4 Bg7 6. h3 O-O 7. Bd3 Nbd7 8. O-O Re8 9. cxd5 cxd5 10. Bd2 e5 11. dxe5 Nxe5 12. Nxe5 Rxe5 13. Ne2 Ne4 14. Rc1 Bd7 15. Nd4 Nxd2 16. Qxd2 Rg5 17. f4 Rh5 18. Be2 Rh4 19. Nf3 Rh5 20. Ng5 Rxg5 21. fxg5 Qxg5 22. Bf3 Bc6 23. b4 a6 24. Rfd1 Bh6 25. Rc3 Rd8 26. Rd3 Re8 27. Bxd5 Bb5 28. Qf2 Qe7 29. Rc3 Kg7 30. e4 Bg5 31. Rf3 f6 32. a3 f5 33. exf5 gxf5 34. Kh1 f4 35. Qd4+ Qe5 36. Qxe5+ Rxe5 37. Bxb7 Be2 38. Rd7+ Kf6 39. Rc3 Bb5 40. Rd6+ Ke7 41. Rd1 Bh4 42. Bf3 Bg3 43. Rc7+ Kf6 44. Rxh7 Re3 45. Rh6+ Kg7 46. Rb6 Rxa3 47. Rb7+ Kf6 48. Rb6+ Ke7 49. Rc1 Rd3 50. Be2 Rd5 51. Bxb5 axb5 52. Rc7+ Kd8 53. Rc1 Kd7 54. Ra6 Kd8 55. Kg1 Rd4 56. Ra7 Rxb4 57. Rd1+ Kc8 58. Rf7 Rc4 59. Ra1 Kb8 60. Kf1 b4 61. Ke2 b3 62. Rb1 Rb4 63. Kd3 Rb6 64. Kc3 f3 65. Rxf3 Be5+ 66. Kc4 b2 67. h4 Rc6+ 68. Kd5 Rc1 69. Rf1 Bf4 70. Rxb2+ 1-0


[Site "https://www.chess.com"]

[Event "Titled Tuesday Blitz April 11 Early 2023"]
[White "Krstulovic, Alex"]
[Black "Gharibyan, Mamikon"]
[WhiteFideId "760056"]
[BlackFideId "13308300"]
[WhiteElo "2311"]
[BlackElo "2445"]
[Result "0-1"]
[Round "02"]
[TimeControl "180+2"]
[Date "2023.04.11"]
[WhiteClock "0:00:15"]
[BlackClock "0:00:10"]

1. d4 d5 2. Nf3 Nf6 3. Bf4 c5 4. e3 Nc6 5. Nbd2 Bg4 6. c3 e6 7. Qa4 Nd7 8. Ne5 Ndxe5 9. Bxe5 Bf5 10. Bb5 Qb6 11. O-O a6 12. Bxc6+ Qxc6 13. Qxc6+ bxc6 14. Nb3 c4 15. Na5 f6 16. Bg3 Kd7 17. b3 Bd3 18. Rfd1 h5 19. h4 Be7 20. bxc4 dxc4 21. a4 Ra7 22. Ra2 Bd8 23. Rxd3 cxd3 24. Nb3 Be7 25. Nc1 Rb7 26. Nxd3 Rb3 27. Rc2 a5 28. Nb2 Ra8 29. Nc4 Bd8 30. Nd2 Ra3 31. Ne4 Be7 32. Rb2 Ke8 33. Rb7 Rxa4 34. Nd6+ Kf8 35. c4 Bxd6 36. Bxd6+ Kg8 37. c5 Rc4 38. Rb3 a4 39. Ra3 Rb4 40. Kh2 Rb3 41. Ra1 a3 42. e4 a2 43. d5 exd5 44. exd5 cxd5 45. c6 Rb1 0-1


[Site "https://www.chess.com"]

[Event "Titled Tuesday Blitz April 11 Early 2023"]
[White "Kamsky, Gata"]
[Black "Pham, Le Thao Nguyen"]
[WhiteFideId "2000024"]
[BlackFideId "12401226"]
[WhiteElo "2660"]
[BlackElo "2286"]
[Result "1-0"]
[Round "02"]
[TimeControl "180+2"]
[Date "2023.04.11"]
[WhiteClock "0:00:35"]
[BlackClock "0:00:07"]

1. e4 c6 2. d4 d5 3. exd5 cxd5 4. Bd3 Nc6 5. c3 Qc7 6. Ne2 Bg4 7. O-O e6 8. Qe1 Bh5 9. Nf4 Nf6 10. Nxh5 Nxh5 11. g3 g6 12. Nd2 Bg7 13. Nf3 O-O 14. Be3 Rfe8 15. Qd2 a6 16. a4 Na5 17. Qc2 Rac8 18. Rfe1 Nc4 19. Bc1 b5 20. Qb3 Rb8 21. axb5 axb5 22. Re2 Rec8 23. Bg5 Rb7 24. Kg2 Rcb8 25. Qc2 Nd6 26. Qc1 b4 27. cxb4 Qxc1 28. Rxc1 Rxb4 29. g4 Nf6 30. Bf4 Rd8 31. h3 Nfe4 32. Rec2 Nb5 33. Rc8 Rxc8 34. Rxc8+ Bf8 35. Bh6 1-0


[Site "https://www.chess.com"]

[Event "Titled Tuesday Blitz April 11 Early 2023"]
[White "Eynullayev, Atilla"]
[Black "Salinas Herrera, Pablo"]
[WhiteFideId "13413570"]
[BlackFideId "3407128"]
[WhiteElo "2181"]
[BlackElo "2546"]
[Result "0-1"]
[Round "02"]
[TimeControl "180+2"]
[Date "2023.04.11"]
[WhiteClock "0:00:09"]
[BlackClock "0:01:22"]

1. d4 d5 2. c4 e6 3. Nc3 Nf6 4. Bg5 Nbd7 5. cxd5 exd5 6. e3 c6 7. Bd3 h6 8. Bh4 Be7 9. Qc2 O-O 10. Nf3 Ne8 11. Bg3 Ndf6 12. O-O Nd6 13. h3 Re8 14. Ne5 Bf8 15. Rae1 Nfe4 16. Bh2 Qe7 17. f3 Nxc3 18. bxc3 Be6 19. e4 Qc7 20. exd5 cxd5 21. f4 f5 22. Re3 Rac8 23. Rc1 b5 24. Kh1 a6 25. Bg1 Ne4 26. Bf1 Ba3 27. Rce1 Bd6 28. a4 Rb8 29. axb5 axb5 30. Qb2 b4 31. cxb4 Rxb4 32. Qa2 Reb8 33. Nf3 Bxf4 34. Ra3 Ng3+ 0-1


[Site "https://www.chess.com"]

[Event "Titled Tuesday Blitz April 11 Early 2023"]
[White "Kukhmazov, Arsen"]
[Black "Royal, Shreyas"]
[WhiteFideId "24108260"]
[BlackFideId "448869"]
[WhiteElo "2396"]
[BlackElo "2331"]
[Result "1-0"]
[Round "02"]
[TimeControl "180+2"]
[Date "2023.04.11"]
[WhiteClock "0:00:07"]
[BlackClock "0:00:07"]

1. d4 d5 2. c4 e6 3. Nc3 a6 4. e4 dxe4 5. Nxe4 Nf6 6. Nxf6+ Qxf6 7. Nf3 h6 8. Bd3 c5 9. Be3 Nc6 10. dxc5 Qxb2 11. O-O Be7 12. Be4 O-O 13. Qb3 Qxb3 14. axb3 Rd8 15. Bxc6 bxc6 16. Ne5 Bb7 17. Rad1 a5 18. Rxd8+ Rxd8 19. Ra1 Bf6 20. f4 Bxe5 21. fxe5 Rd3 22. Kf2 Rxb3 23. Rxa5 f6 24. exf6 gxf6 25. Bxh6 Kf7 26. h4 Kg6 27. Be3 f5 28. Bf4 Kf6 29. Bd6 e5 30. h5 e4 31. h6 Kg6 32. Bf4 Rb4 33. Ra7 Rb3 34. g3 Kh7 35. Ke2 Kg6 36. Kd2 Kh7 37. Kc2 Rb4 38. Kc3 Rb1 39. Kd4 Kg6 40. Ke5 Rb3 41. h7 Kxh7 42. Kxf5 Rb4 43. Bd2 Rb2 44. Kxe4 Kg6 45. Bc3 Rb1 46. Be5 Bc8 47. Rc7 Bf5+ 48. Kd4 Rd1+ 49. Kc3 Be4 50. Bf4 Rd3+ 51. Kb4 Rd1 52. Rc8 Rd3 53. Ka5 Rc3 54. Kb6 Rxc4 55. Bd6 Rb4+ 56. Kc7 Ra4 57. Rg8+ Kf7 58. Rf8+ Ke6 59. g4 Ra7+ 60. Kb6 Rg7 61. Re8+ Kd5 62. Re5+ Kd4 63. g5 Rg6 64. Kc7 Bd5 65. Rf5 Be4 66. Re5 Rg7+ 67. Kd8 Bd5 68. Ke8 Rg6 69. Ke7 Rg7+ 70. Kf6 Rf7+ 71. Kg6 Rd7 72. Kh6 Be4 73. g6 Bxg6 74. Kxg6 Kc4 75. Re7 Rd8 76. Kf7 Kd5 77. Re5+ Kd4 78. Ke7 Ra8 79. Kd7 Ra6 80. Kc7 Kc4 81. Kb7 Kb5 82. Re1 Ra2 83. Rb1+ 1-0


[Site "https://www.chess.com"]

[Event "Titled Tuesday Blitz April 11 Early 2023"]
[White "Filgueira, Hernan"]
[Black "Lukovic, Vladimir"]
[WhiteFideId "101770"]
[BlackFideId "942952"]
[WhiteElo "2363"]
[BlackElo "2391"]
[Result "1-0"]
[Round "02"]
[TimeControl "180+2"]
[Date "2023.04.11"]
[WhiteClock "0:00:10"]
[BlackClock "0:00:04"]

1. c4 e5 2. Nc3 Nc6 3. Nf3 Nf6 4. a3 g6 5. d3 h6 6. g3 Bg7 7. Bg2 O-O 8. O-O d6 9. Rb1 Bg4 10. b4 Qd7 11. b5 Ne7 12. c5 Bh3 13. cxd6 cxd6 14. Ne4 Bxg2 15. Nxf6+ Bxf6 16. Kxg2 Bg7 17. Qb3 Kh7 18. e4 f5 19. Bd2 f4 20. h3 g5 21. g4 Bf6 22. Rbc1 h5 23. Nh2 hxg4 24. Nxg4 Kg6 25. f3 Rh8 26. Rh1 Rac8 27. Rxc8 Nxc8 28. a4 Bd8 29. Bc3 Qf7 30. Qc2 Bf6 31. Be1 Nb6 32. Bf2 Rc8 33. Qd1 Qa2 34. h4 gxh4 35. Nxf6 Kxf6 36. Rxh4 Rg8+ 37. Rg4 Rxg4+ 38. fxg4 Nxa4 39. Qh1 Qg8 40. Qh4+ Ke6 41. Kf3 Nc3 42. Qh6+ Kd7 43. Qf6 Nxb5 44. g5 Qb3 45. Qf5+ Kc7 46. g6 Qxd3+ 47. Kg4 Nd4 48. Bxd4 Qxd4 49. Qf7+ Kc6 50. g7 Qxe4 51. g8=Q Qg2+ 52. Kf5 Qh3+ 53. Kf6 Qh4+ 54. Qg5 Qh3 55. Qc4+ Kb6 56. Qb4+ Kc6 57. Qc4+ Kb6 58. Ke7 Qh7+ 59. Kxd6 a6 60. Qe6 Ka7 61. Qexe5 f3 62. Qc5+ Ka8 63. Qd8# 1-0


[Site "https://www.chess.com"]

[Event "Titled Tuesday Blitz April 11 Early 2023"]
[White "slidingknight2775"]
[Black "Bharath Subramaniyam H"]
[BlackFideId "46634827"]
[WhiteElo "2571"]
[BlackElo "2395"]
[Result "0-1"]
[Round "02"]
[TimeControl "180+2"]
[Date "2023.04.11"]
[WhiteClock "0:00:12"]
[BlackClock "0:00:55"]

1. Nf3 Nf6 2. c4 b6 3. d4 Bb7 4. Nbd2 g6 5. g3 Bg7 6. Bg2 O-O 7. O-O c5 8. d5 b5 9. e4 bxc4 10. Qc2 d6 11. Nxc4 Nbd7 12. h3 Ba6 13. Re1 Bxc4 14. Qxc4 Rb8 15. Rb1 Rb4 16. Qc2 Qc7 17. a3 Rb7 18. Bd2 Rfb8 19. b4 cxb4 20. Qxc7 Rxc7 21. axb4 Nb6 22. Be3 Nc4 23. Bd4 Nd7 24. Rec1 Rbc8 25. Bxg7 Kxg7 26. Ra1 Nce5 27. Rxc7 Nxf3+ 28. Bxf3 Rxc7 29. Kg2 Kf6 30. h4 Ke5 31. Bg4 Nf6 32. Bf3 Nxe4 33. Ra5 f5 34. b5 Nf6 35. Ra1 Rb7 36. Re1+ Kd4 37. Ra1 Kc5 38. Ra5 Kb6 39. Ra1 Nd7 40. Ra6+ Kxb5 41. Be2+ Kc5 42. Ra1 Ne5 43. Rc1+ Kd4 44. Rd1+ Kc3 45. Ra1 Nd7 46. Rc1+ Kd4 47. Ra1 Nc5 48. Rd1+ Ke5 49. Ra1 a6 50. Bf3 Ra7 51. Ra5 Nb7 52. Ra3 a5 53. Re3+ Kf6 54. Re6+ Kf7 55. Re3 a4 56. Ra3 Nc5 57. h5 Rb7 58. hxg6+ hxg6 59. Bd1 Rb4 60. Bc2 Kf6 61. Bd1 Ke5 62. Re3+ Re4 63. Ra3 Rd4 64. Bf3 Rd3 65. Ra2 a3 66. Re2+ Kd4 67. Rxe7 a2 68. Ra7 Rd2 69. g4 Kc3 70. gxf5 gxf5 71. Kg3 Kb2 72. Kf4 a1=Q 73. Rxa1 Kxa1 74. Kxf5 Rxf2 75. Kg4 Kb2 76. Kf4 Kc3 77. Ke3 Rxf3+ 78. Kxf3 Kd4 79. Kf4 Kxd5 80. Kf5 Kd4 81. Kf6 d5 82. Ke7 Ke4 83. Kd6 Nb3 0-1


[Site "https://www.chess.com"]

[Event "Titled Tuesday Blitz April 11 Early 2023"]
[White "Gontcharov, Vladislav"]
[Black "Durarbayli, Vasif"]
[WhiteFideId "4123492"]
[BlackFideId "13402935"]
[WhiteElo "2420"]
[BlackElo "2551"]
[Result "0-1"]
[Round "02"]
[TimeControl "180+2"]
[Date "2023.04.11"]
[WhiteClock "0:00:12"]
[BlackClock "0:00:12"]

1. d4 Nf6 2. c4 e6 3. Nc3 Bb4 4. e3 O-O 5. Bd3 d6 6. Ne2 e5 7. a3 Bxc3+ 8. bxc3 e4 9. Bc2 Re8 10. O-O c5 11. Ng3 Nc6 12. f3 exf3 13. Qxf3 Bg4 14. Qf2 Na5 15. e4 cxd4 16. cxd4 Nxc4 17. Bd3 Be6 18. h3 Rc8 19. Bg5 Ng4 20. Bxd8 Nxf2 21. Bxc4 Rxc4 22. Ba5 Nd3 23. d5 Bd7 24. Rab1 Nc5 25. Bb4 b5 26. Bxc5 dxc5 27. Rfe1 f6 28. Kf2 a5 29. Re3 Rc2+ 30. Kf3 b4 31. axb4 axb4 32. Ne2 Bb5 33. Nf4 Bc4 34. Nd3 Ba2 35. Rb2 Rxb2 36. Nxb2 c4 37. Na4 c3 38. Nxc3 bxc3 39. Rxc3 Bb1 40. Rc4 Bd3 41. Rd4 Bb5 42. Kf4 Kf7 43. g4 g5+ 44. Kf3 Ra8 45. Rb4 Ra3+ 46. Kg2 Bd7 47. Rb7 Ke7 48. Rc7 Re3 49. Rc4 Kd6 50. Rb4 h6 51. Kh2 Ke5 52. Rb7 Ba4 53. Re7+ Kf4 54. d6 Rxe4 55. Rf7 Ke5 56. d7 Rd4 57. Re7+ Kf4 58. Re6 Rd2+ 59. Kg1 Bxd7 60. Rxf6+ Kg3 61. Kf1 Kxh3 62. Rxh6+ Kxg4 63. Rh7 Rd5 64. Kf2 Bf5 65. Re7 Rd3 66. Re5 Kf4 67. Ra5 g4 68. Ra4+ Be4 69. Ke2 g3 70. Ra1 Re3+ 71. Kf1 Rf3+ 72. Kg1 Bf5 73. Ra4+ Be4 74. Ra1 Rd3 75. Rf1+ Bf3 76. Re1 Rd1 77. Rxd1 Bxd1 78. Kg2 Kg4 0-1


[Site "https://www.chess.com"]

[Event "Titled Tuesday Blitz April 11 Early 2023"]
[White "Lobanov, Sergei"]
[Black "Ahn, Hongjin"]
[WhiteFideId "24183750"]
[BlackFideId "13201492"]
[WhiteElo "2489"]
[BlackElo "2182"]
[Result "1-0"]
[Round "02"]
[TimeControl "180+2"]
[Date "2023.04.11"]
[WhiteClock "0:00:33"]
[BlackClock "0:00:01"]

1. d4 d5 2. c4 e6 3. Nc3 a6 4. cxd5 exd5 5. Nf3 c6 6. Bf4 Nf6 7. e3 Bd6 8. Bg3 O-O 9. Bd3 Re8 10. Ne5 Qe7 11. O-O Nbd7 12. f4 Nf8 13. Bh4 Ng6 14. Bg5 h6 15. Bxg6 fxg6 16. Bh4 Qc7 17. Qf3 Bf5 18. Rfe1 Qc8 19. h3 Bxe5 20. dxe5 Be4 21. Qe2 Nh7 22. Nxe4 dxe4 23. Qc4+ Qe6 24. Qxe4 g5 25. Bg3 Rf8 26. b3 Rae8 27. Qb4 Rf7 28. Rad1 Kh8 29. Rd6 Qf5 30. Red1 gxf4 31. exf4 Qc2 32. Rd8 Rff8 33. Rxe8 Rxe8 34. Rd7 Rg8 35. Qxb7 Qxa2 36. Kh2 Qe2 37. Qxc6 Nf8 38. Rd8 Qe3 39. Qd6 Qxb3 40. Rxf8 a5 41. e6 Qe3 42. e7 1-0


[Site "https://www.chess.com"]